[Event "Festival Groningen-A 2024"]
[Site "Groningen"]
[Date "2024.12.29"]
[Round "8.16"]
[White "Duijker, Rick"]
[Black "Schoorl, Rob"]
[Result "1/2-1/2"]
[ECO "A45"]
[WhiteElo "2146"]
[BlackElo "2295"]
[Annotator "RC"]
[PlyCount "21"]
[EventDate "2024.12.21"]
[EventType "swiss"]
[EventCountry "NED"]
[SourceTitle "playchess.com"]
[Source "ChessBase"]
[SourceQuality "1"]
[TimeControl "40/5400+30:1800+30"]

1. d4 Nf6 2. Bf4 c5 3. e3 Qb6 4. Na3 Qxb2 5. Nb5 Nd5 6. Rb1 Qxa2 7. Ra1 Qb2 8. Rb1 Qa2 9. Ra1 Qb2 10. Rb1 Qa2 11. Ra1 1/2-1/2

[Event "Festival Groningen-A 2024"]
[Site "Groningen"]
[Date "2024.12.29"]
[Round "8.17"]
[White "Van Rootselaar, Rik"]
[Black "Okuno, Rion"]
[Result "1/2-1/2"]
[ECO "B92"]
[WhiteElo "2265"]
[BlackElo "2027"]
[Annotator "RC"]
[PlyCount "77"]
[EventDate "2024.12.21"]
[EventType "swiss"]
[EventCountry "NED"]
[SourceTitle "playchess.com"]
[Source "ChessBase"]
[SourceQuality "1"]
[TimeControl "40/5400+30:1800+30"]

1. e4 c5 2. Nf3 d6 3. d4 cxd4 4. Nxd4 Nf6 5. Nc3 a6 6. Be2 e5 7. Nb3 Be7 8. Be3 Be6 9. Nd5 Nbd7 10. Qd3 O-O 11. O-O Bxd5 12. exd5 Qc7 13. a4 b6 14. a5 b5 15. Rfc1 Qb7 16. Bf3 Rac8 17. Nd2 e4 18. Nxe4 Ne5 19. Qd1 Nxe4 20. Bxe4 f5 21. Bf3 Bf6 22. Ra2 Rfe8 23. g3 Nxf3+ 24. Qxf3 Re5 25. c3 Qxd5 26. Qxd5+ Rxd5 27. Raa1 Kf7 28. Rd1 Rxd1+ 29. Rxd1 Ke6 30. Kf1 Rc4 31. Bf4 d5 32. Ke2 b4 33. cxb4 Rxb4 34. Rc1 Rc4 35. Kd3 Rd4+ 36. Ke2 Rc4 37. Kd3 Rd4+ 38. Ke2 Rc4 39. Kd3 1/2-1/2

[Event "Festival Groningen-A 2024"]
[Site "Groningen"]
[Date "2024.12.29"]
[Round "8.18"]
[White "Weber, Samuel"]
[Black "Ten Dam, Bram"]
[Result "1-0"]
[ECO "B10"]
[WhiteElo "2263"]
[BlackElo "2002"]
[Annotator "RC"]
[PlyCount "127"]
[EventDate "2024.12.21"]
[EventType "swiss"]
[EventCountry "NED"]
[SourceTitle "playchess.com"]
[Source "ChessBase"]
[SourceQuality "1"]
[TimeControl "40/5400+30:1800+30"]

1. e4 c6 2. Nf3 d5 3. d3 Bg4 4. h3 Bh5 5. Be2 dxe4 6. dxe4 Qxd1+ 7. Kxd1 Bxf3 8. Bxf3 Nd7 9. Nd2 e5 10. Nc4 O-O-O 11. Ke2 Ngf6 12. Rd1 Be7 13. Bg5 Kc7 14. a4 Rhe8 15. Bh4 Nc5 16. Rxd8 Bxd8 17. Bg3 Ncxe4 18. Bxe5+ Kc8 19. Bxe4 Nxe4 20. Bxg7 Nd6+ 21. Ne3 Nf5 22. Bc3 Nxe3 23. fxe3 Bg5 24. Bd2 f5 25. g3 Be7 26. Rf1 Rf8 27. Be1 Kd7 28. Rf4 Ke6 29. Bb4 c5 30. Bc3 Rg8 31. g4 fxg4 32. Re4+ Kd7 33. hxg4 Bd6 34. Kd3 Rg5 35. Bf6 Rg6 36. Bc3 Rg5 37. Kc4 Kc6 38. Bf6 Rg6 39. Bh8 Rg8 40. Bf6 Rg6 41. Bh4 Rg7 42. g5 Be7 43. Re6+ Kd7 44. Rh6 Bxg5 45. Bxg5 Rxg5 46. Rxh7+ Kc6 47. Rh6+ Kc7 48. c3 Re5 49. Kd3 Rd5+ 50. Ke2 Rf5 51. e4 Rf4 52. Ke3 Rf1 53. e5 Rb1 54. Rh2 b6 55. Ke4 Kd7 56. a5 Re1+ 57. Kd5 Rd1+ 58. Kc4 Re1 59. Rh7+ Kc6 60. Rh6+ Kd7 61. e6+ Kc7 62. Rh7+ Kc6 63. Rxa7 Rxe6 64. Ra6 1-0

[Event "Festival Groningen-A 2024"]
[Site "Groningen"]
[Date "2024.12.29"]
[Round "8.19"]
[White "Madularea, David"]
[Black "De Boer, Bas"]
[Result "1/2-1/2"]
[ECO "C01"]
[WhiteElo "2245"]
[BlackElo "2157"]
[Annotator "RC"]
[PlyCount "48"]
[EventDate "2024.12.21"]
[EventType "swiss"]
[EventCountry "NED"]
[SourceTitle "playchess.com"]
[Source "ChessBase"]
[SourceQuality "1"]
[TimeControl "40/5400+30:1800+30"]

1. e4 e5 2. Nf3 Nf6 3. Nxe5 d6 4. Nf3 Nxe4 5. c4 Be7 6. d4 d5 7. Nc3 Nxc3 8. bxc3 O-O 9. Bd3 dxc4 10. Bxc4 c5 11. O-O cxd4 12. cxd4 Bg4 13. d5 Nd7 14. Bf4 Nb6 15. Bb3 Bd6 16. Be3 Nd7 17. h3 Bh5 18. g4 Bg6 19. Rc1 f5 20. Nd4 Qh4 21. Nb5 Qxh3 22. Nxd6 Ne5 23. f3 Qg3+ 24. Kh1 Qh3+ 1/2-1/2

[Event "Festival Groningen-A 2024"]
[Site "Groningen"]
[Date "2024.12.29"]
[Round "8.20"]
[White "Bakija, Alan"]
[Black "Keuning, Selwin"]
[Result "1/2-1/2"]
[ECO "A12"]
[WhiteElo "2233"]
[BlackElo "2180"]
[Annotator "RC"]
[PlyCount "83"]
[EventDate "2024.12.21"]
[EventType "swiss"]
[EventCountry "NED"]
[SourceTitle "playchess.com"]
[Source "ChessBase"]
[SourceQuality "1"]
[TimeControl "40/5400+30:1800+30"]

1. Nf3 d5 2. g3 c6 3. Bg2 Bf5 4. O-O e6 5. b3 Nf6 6. Bb2 h6 7. c4 Be7 8. d3 O-O 9. Nbd2 a5 10. cxd5 cxd5 11. Nd4 Bh7 12. e4 Qb6 13. exd5 Bxd3 14. dxe6 Bc5 15. N2f3 Bxf1 16. exf7+ Rxf7 17. Qxf1 Nbd7 18. Re1 Re8 19. Rxe8+ Nxe8 20. Bh3 Kh8 21. Qc4 Re7 22. Nf5 Nd6 23. Nxd6 Qxd6 24. Kg2 b6 25. a3 Nf8 26. b4 axb4 27. axb4 Bxb4 28. Ne5 Rxe5 29. Bxe5 Qxe5 30. Qxb4 Qd5+ 31. Kg1 Qc5 32. Qxc5 bxc5 33. Kf1 Kg8 34. Ke2 Kf7 35. Kd3 Ke7 36. Kc4 Kd6 37. Bf5 Ke5 38. g4 Kd6 39. f3 g6 40. Be4 Nd7 41. h4 g5 42. hxg5 1/2-1/2

[Event "Festival Groningen-A 2024"]
[Site "Groningen"]
[Date "2024.12.29"]
[Round "8.21"]
[White "Khoo-Thwe, Louis"]
[Black "Mohammed, Dilshad"]
[Result "1-0"]
[ECO "B13"]
[WhiteElo "2124"]
[BlackElo "2078"]
[Annotator "RC"]
[PlyCount "59"]
[EventDate "2024.12.21"]
[EventType "swiss"]
[EventCountry "NED"]
[SourceTitle "playchess.com"]
[Source "ChessBase"]
[SourceQuality "1"]
[TimeControl "40/5400+30:1800+30"]

1. e4 c6 2. d4 d5 3. exd5 cxd5 4. Bd3 Nc6 5. c3 Nf6 6. Bf4 e6 7. Nd2 Bd6 8. Bg3 O-O 9. Ngf3 Re8 10. O-O e5 11. dxe5 Nxe5 12. Nxe5 Bxe5 13. Bxe5 Rxe5 14. Qb3 Rh5 15. Rfe1 Qc7 16. g3 Be6 17. Nf3 Ng4 18. h4 Re8 19. Qa4 Nf6 20. g4 Bd7 21. Qd4 Ne4 22. Bxe4 dxe4 23. gxh5 exf3 24. Rxe8+ Bxe8 25. Rd1 Qc8 26. h6 gxh6 27. Kh2 Qc7+ 28. Kh1 f5 29. Rg1+ Kf8 30. Qh8+ 1-0

[Event "Festival Groningen-A 2024"]
[Site "Groningen"]
[Date "2024.12.29"]
[Round "8.22"]
[White "Kanis, Sierk"]
[Black "Avetisyan, Ani"]
[Result "1-0"]
[ECO "D35"]
[WhiteElo "2116"]
[BlackElo "2059"]
[Annotator "RC"]
[PlyCount "139"]
[EventDate "2024.12.21"]
[EventType "swiss"]
[EventCountry "NED"]
[SourceTitle "playchess.com"]
[Source "ChessBase"]
[SourceQuality "1"]
[TimeControl "40/5400+30:1800+30"]

1. d4 d5 2. c4 e6 3. Nc3 Nf6 4. cxd5 exd5 5. Bg5 c6 6. e3 h6 7. Bh4 Be7 8. Bd3 O-O 9. Nge2 Ne8 10. Bxe7 Qxe7 11. O-O Bg4 12. Qd2 Bxe2 13. Qxe2 Nc7 14. Rab1 a5 15. Na4 Nd7 16. Rfc1 Ne6 17. Qc2 b5 18. Nc3 Nb6 19. b3 Rfc8 20. Qb2 Qf6 21. Ne2 a4 22. Rc2 axb3 23. axb3 Qe7 24. Qc1 Qd6 25. Bf5 Rc7 26. Bxe6 Qxe6 27. Nf4 Qd6 28. Nd3 Nd7 29. g3 h5 30. h4 g6 31. Rbb2 Ra6 32. Kg2 Kh7 33. Nc5 Nxc5 34. Rxc5 Rb7 35. Qc3 Qe6 36. Rc2 Rbb6 37. f3 f5 38. Kf2 f4 39. exf4 Qh3 40. Qe1 Ra7 41. Qf1 Qxf1+ 42. Kxf1 Ra3 43. R5c3 b4 44. Re3 Kg7 45. Kg2 Kf6 46. Rce2 Rb7 47. g4 Rf7 48. Kg3 Kg7 49. Re1 Ra2 50. Rc1 Rd2 51. Rxc6 Rxd4 52. Ree6 Rdxf4 53. Rxg6+ Kh7 54. Rh6+ Kg7 55. Rhg6+ Kh7 56. Rh6+ Kg7 57. Rcg6+ Kf8 58. Rh8+ Ke7 59. gxh5 Rxf3+ 60. Kg4 R3f4+ 61. Kh3 Rf3+ 62. Rg3 d4 63. h6 Rxg3+ 64. Kxg3 Rf6 65. h7 Rg6+ 66. Kf3 d3 67. Ke3 Rh6 68. Rb8 Rxh7 69. Rb7+ Ke6 70. Rxh7 1-0

[Event "Festival Groningen-A 2024"]
[Site "Groningen"]
[Date "2024.12.29"]
[Round "8.23"]
[White "Wempe, Joost"]
[Black "Noordenbos, Daan"]
[Result "0-1"]
[ECO "D78"]
[WhiteElo "2233"]
[BlackElo "2130"]
[Annotator "RC"]
[PlyCount "146"]
[EventDate "2024.12.21"]
[EventType "swiss"]
[EventCountry "NED"]
[SourceTitle "playchess.com"]
[Source "ChessBase"]
[SourceQuality "1"]
[TimeControl "40/5400+30:1800+30"]

1. d4 Nf6 2. Nf3 g6 3. g3 Bg7 4. Bg2 d5 5. O-O O-O 6. c4 c6 7. b3 Bf5 8. Bb2 Nbd7 9. e3 dxc4 10. bxc4 e5 11. Qb3 Re8 12. Nc3 Qa5 13. Rfe1 exd4 14. exd4 Ne4 15. Nxe4 Bxe4 16. Qxb7 Nc5 17. dxc5 Reb8 18. Qe7 Re8 19. Qb7 Reb8 20. Qxa8 Rxa8 21. Bxg7 Bxf3 22. Bxf3 Kxg7 23. Bxc6 Rc8 24. Bd5 Qxc5 25. h4 Rc7 26. Rab1 Qa3 27. Re2 Qc3 28. Rbe1 Kf6 29. Re3 Qb4 30. a3 Qc5 31. Rb1 Kg7 32. Rf3 Re7 33. Rb5 Qd4 34. Kg2 f5 35. Rfb3 Re2 36. Rb7+ Kh8 37. Rf3 Re1 38. Rfb3 Re2 39. Rb8+ Kg7 40. Rf3 Re1 41. Rbb3 Qa1 42. Rb7+ Kh6 43. Rf4 Rh1 44. Rxa7 Qf1+ 45. Kf3 Qd3+ 46. Kg2 Qf1+ 47. Kf3 Rh2 48. Ke3 Qe1+ 49. Kd3 Rxf2 50. Rxf2 Qxf2 51. Ra8 Qxg3+ 52. Kd4 Qxh4+ 53. Ke5 Qe7+ 54. Kd4 f4 55. c5 Qe3+ 56. Kc4 f3 57. Kb4 f2 58. Bc4 Qf4 59. Kb5 Qxc4+ 60. Kxc4 f1=Q+ 61. Kb4 Qb1+ 62. Ka5 Qb7 63. Ra6 Kh5 64. c6 Qc7+ 65. Kb5 g5 66. Rb6 g4 67. Rb7 Qc8 68. Kb6 g3 69. Rg7 Kh6 70. Rc7 Qd8 71. Kb7 g2 72. Rd7 Qf8 73. Rd1 Qxa3 0-1

[Event "Festival Groningen-A 2024"]
[Site "Groningen"]
[Date "2024.12.29"]
[Round "8.24"]
[White "Duson, Robin"]
[Black "Sharma, Dinesh K."]
[Result "0-1"]
[ECO "D15"]
[WhiteElo "2159"]
[BlackElo "2200"]
[Annotator "RC"]
[PlyCount "86"]
[EventDate "2024.12.21"]
[EventType "swiss"]
[EventCountry "NED"]
[SourceTitle "playchess.com"]
[Source "ChessBase"]
[SourceQuality "1"]
[TimeControl "40/5400+30:1800+30"]

1. d4 d5 2. c4 c6 3. Nf3 Nf6 4. e3 Bf5 5. Nc3 a6 6. Qb3 Ra7 7. Bd2 e6 8. Be2 Be7 9. O-O dxc4 10. Bxc4 b5 11. Be2 Nbd7 12. a4 b4 13. Na2 a5 14. Rfd1 O-O 15. Nc1 c5 16. Nd3 Qb6 17. Rac1 Rc7 18. dxc5 Bxc5 19. Be1 Be4 20. Nde5 Nxe5 21. Nxe5 Bd5 22. Bc4 Rfc8 23. Bxd5 exd5 24. Qd3 Bd6 25. Rxc7 Qxc7 26. Nf3 Kf8 27. h3 Qc2 28. b3 Qxd3 29. Rxd3 Ke7 30. Kf1 g6 31. Nd4 Be5 32. Nb5 Ke6 33. g4 Ne4 34. f4 Bb2 35. f5+ gxf5 36. gxf5+ Ke5 37. Kg2 Rc1 38. Bg3+ Nxg3 39. Kxg3 Ke4 40. Rd2 Be5+ 41. Kg2 Rc3 42. Nd4 Kxe3 43. Nf3 d4 0-1

[Event "Festival Groningen-A 2024"]
[Site "Groningen"]
[Date "2024.12.29"]
[Round "8.25"]
[White "Wouters, Casper"]
[Black "Grooten, Herman"]
[Result "0-1"]
[ECO "B40"]
[WhiteElo "2110"]
[BlackElo "2183"]
[Annotator "RC"]
[PlyCount "72"]
[EventDate "2024.12.21"]
[EventType "swiss"]
[EventCountry "NED"]
[SourceTitle "playchess.com"]
[Source "ChessBase"]
[SourceQuality "1"]
[TimeControl "40/5400+30:1800+30"]

1. e4 c5 2. Nf3 e6 3. g3 b6 4. Bg2 Bb7 5. Qe2 Nc6 6. O-O g6 7. Na3 d6 8. e5 dxe5 9. Nxe5 Nd4 10. Qe3 Bxg2 11. Kxg2 Qd5+ 12. f3 Bg7 13. Nd3 Ne7 14. Nf2 O-O 15. d3 f5 16. Nh3 e5 17. Bd2 Rae8 18. c3 Ndc6 19. Qe2 Rd8 20. Nf2 Nc8 21. Kg1 Nd6 22. Rfd1 Rd7 23. Nc4 Nb5 24. a4 Nbd4 25. cxd4 Nxd4 26. Qe3 Nxf3+ 27. Kf1 Nxh2+ 28. Ke2 e4 29. Rdc1 Bd4 30. Qf4 Ng4 31. Be3 exd3+ 32. Kd2 Nxe3 33. Nxe3 Qb3 34. Nxd3 Bxe3+ 35. Qxe3 Rfd8 36. Rc3 Qxb2+ 0-1

[Event "Festival Groningen-A 2024"]
[Site "Groningen"]
[Date "2024.12.29"]
[Round "8.26"]
[White "Zecha, Oscar"]
[Black "Grooten, Tommy"]
[Result "0-1"]
[ECO "B81"]
[WhiteElo "2134"]
[BlackElo "2153"]
[Annotator "RC"]
[PlyCount "92"]
[EventDate "2024.12.21"]
[EventType "swiss"]
[EventCountry "NED"]
[SourceTitle "playchess.com"]
[Source "ChessBase"]
[SourceQuality "1"]
[TimeControl "40/5400+30:1800+30"]

1. e4 c5 2. Nf3 e6 3. d4 cxd4 4. Nxd4 Nf6 5. Nc3 d6 6. g4 h6 7. Rg1 Nc6 8. Be3 Be7 9. Nb3 a6 10. Qe2 b5 11. O-O-O Bb7 12. Nc5 Bc8 13. h4 b4 14. N3a4 Qa5 15. Nb6 dxc5 16. Nxa8 Bb7 17. g5 hxg5 18. hxg5 Nxe4 19. Bf4 Nd4 20. Nc7+ Kf8 21. Qc4 b3 22. cxb3 Qxa2 23. Rxd4 cxd4 24. Qa4 Qxa4 25. bxa4 Rh4 26. Be5 Nc5 27. g6 Re4 28. Bg3 d3 29. Kd2 Rc4 30. Be5 Rc2+ 31. Ke3 d2 32. Be2 Ne4 33. Bd1 Rc1 34. Bd4 Rxc7 35. gxf7 Bf6 36. Bxf6 Nxf6 37. Kxd2 Kxf7 38. Be2 Ne4+ 39. Ke3 Nd6 40. Rd1 Nf5+ 41. Kf4 Kf6 42. Bf3 g5+ 43. Kg4 Rc4+ 44. Kh3 Bxf3 45. Rd4 Rxd4 46. Kh2 Rh4+ 0-1

[Event "Festival Groningen-A 2024"]
[Site "Groningen"]
[Date "2024.12.29"]
[Round "8.27"]
[White "Spit, Vincent"]
[Black "Boeren, Jurriaan"]
[Result "1/2-1/2"]
[ECO "C95"]
[WhiteElo "2113"]
[BlackElo "2147"]
[Annotator "NA RC"]
[PlyCount "103"]
[EventDate "2024.12.21"]
[EventType "swiss"]
[EventCountry "NED"]
[SourceTitle "playchess.com"]
[Source "ChessBase"]
[SourceQuality "1"]
[TimeControl "40/5400+30:1800+30"]

1. e4 e5 2. Nf3 Nc6 3. Bb5 a6 4. Ba4 Nf6 5. O-O Be7 6. Re1 b5 7. Bb3 d6 8. c3 O-O 9. h3 Nb8 10. d4 Nbd7 11. Nbd2 Bb7 12. Bc2 Re8 13. Nf1 Bf8 14. Ng3 g6 15. Bd2 Bg7 16. Qc1 {[%emt 0:00:38] C95: Closed Ruy Lopez: Breyer Variation with 10 d4.} d5 17. Bg5 Qc8 18. dxe5 Nxe4 19. Nxe4 dxe4 20. Bxe4 Nxe5 21. Nxe5 Rxe5 22. Bxb7 Qxb7 23. Rxe5 Bxe5 24. Qe3 Qd5 25. Re1 Bd6 26. b3 a5 27. Bh6 Bf8 28. Bxf8 Rxf8 29. Qe5 Qxe5 30. Rxe5 Rb8 31. Rc5 Rb7 32. f4 Kf8 33. Kf2 Ke7 34. Ke3 Kd6 35. Kd4 $11 c6 36. Re5 f6 37. Re8 c5+ 38. Kd3 Ra7 39. Rb8 Kc6 40. Rc8+ Kd6 41. a4 c4+ 42. Kc2 bxa4 43. Rxc4 axb3+ 44. Kxb3 Rc7 45. Rd4+ Ke6 46. c4 Rc5 47. Kc3 h5 48. Rd8 h4 49. Re8+ Kd7 50. Re4 Kd6 51. Rd4+ Kc6 52. Re4 1/2-1/2

[Event "Festival Groningen-A 2024"]
[Site "Groningen"]
[Date "2024.12.29"]
[Round "8.28"]
[White "Ratsma, Midas"]
[Black "Ponnio, Toni"]
[Result "1-0"]
[ECO "C47"]
[WhiteElo "2326"]
[BlackElo "2111"]
[Annotator "RC"]
[PlyCount "91"]
[EventDate "2024.12.21"]
[EventType "swiss"]
[EventCountry "NED"]
[SourceTitle "playchess.com"]
[Source "ChessBase"]
[SourceQuality "1"]
[TimeControl "40/5400+30:1800+30"]

1. e4 e5 2. Nf3 Nc6 3. Nc3 Nf6 4. d4 exd4 5. Nxd4 Bb4 6. Nxc6 bxc6 7. Bd3 O-O 8. O-O d5 9. exd5 Bg4 10. Be2 Bxe2 11. Nxe2 cxd5 12. Bg5 Be7 13. Nd4 Qd7 14. Qf3 Ne4 15. Be3 Ng5 16. Qh5 g6 17. Qh6 Bf6 18. Rad1 Ne6 19. b3 Rfd8 20. Rfe1 Bg7 21. Qh4 Nf8 22. Bh6 Re8 23. Bxg7 Kxg7 24. Nf3 Qf5 25. Qd4+ Kg8 26. Qxd5 Qxc2 27. Ng5 Qf5 28. Qxf5 gxf5 29. g3 h6 30. Nf3 Rxe1+ 31. Rxe1 Ne6 32. Re5 c5 33. Rxf5 a5 34. Ne5 Nd4 35. Rf6 a4 36. bxa4 Rxa4 37. Rxf7 c4 38. Rc7 c3 39. Kg2 c2 40. Nf3 Nxf3 41. Kxf3 Ra3+ 42. Kg4 Rxa2 43. Kh5 c1=Q 44. Rxc1 Rxf2 45. Kg6 Kf8 46. Rh1 1-0

[Event "Festival Groningen-A 2024"]
[Site "Groningen"]
[Date "2024.12.29"]
[Round "8.29"]
[White "Hummel, Paul"]
[Black "Ivanov, Dmytry"]
[Result "0-1"]
[ECO "E16"]
[WhiteElo "2160"]
[BlackElo "2072"]
[Annotator "RC"]
[PlyCount "92"]
[EventDate "2024.12.21"]
[EventType "swiss"]
[EventCountry "NED"]
[SourceTitle "playchess.com"]
[Source "ChessBase"]
[SourceQuality "1"]
[TimeControl "40/5400+30:1800+30"]

1. d4 Nf6 2. c4 b6 3. Nf3 Bb7 4. g3 e6 5. Bg2 c5 6. d5 exd5 7. Nh4 g6 8. Nc3 Bg7 9. O-O O-O 10. cxd5 d6 11. Nf3 Na6 12. e4 b5 13. Nxb5 Nxe4 14. Bf4 Qb6 15. a4 Nb4 16. Nd2 Nxd2 17. Qxd2 Ba6 18. Rfe1 Bxb5 19. axb5 Rfe8 20. Bf1 Bd4 21. h4 h5 22. Bc4 Kg7 23. Re2 Rxe2 24. Qxe2 Qd8 25. Re1 Bf6 26. Qd2 Qd7 27. Re3 Rd8 28. Ra3 Re8 29. Qc1 Re4 30. Bd2 Qg4 31. Bf1 Bd4 32. Kg2 Re5 33. Bf4 Re2 34. Bxe2 Qxe2 35. Qd2 Qe4+ 36. f3 Qb1 37. Qc1 Qf5 38. Rxa7 Nd3 39. Bh6+ Kh7 40. Qd2 c4 41. Rc7 Qxd5 42. Bf8 Kg8 43. Rc8 Qe6 44. Rd8 Ne1+ 45. Kf1 Nxf3 46. Bxd6+ Kh7 0-1

[Event "Festival Groningen-A 2024"]
[Site "Groningen"]
[Date "2024.12.29"]
[Round "8.30"]
[White "Van Helvoort, Rob"]
[Black "Van Roon, Sjoerd"]
[Result "0-1"]
[ECO "B31"]
[WhiteElo "2135"]
[BlackElo "2285"]
[Annotator "RC"]
[PlyCount "86"]
[EventDate "2024.12.21"]
[EventType "swiss"]
[EventCountry "NED"]
[SourceTitle "playchess.com"]
[Source "ChessBase"]
[SourceQuality "1"]
[TimeControl "40/5400+30:1800+30"]

1. e4 c5 2. Nf3 Nc6 3. Bb5 g6 4. Bxc6 dxc6 5. d3 Bg7 6. h3 Nf6 7. Nc3 Nd7 8. Be3 e5 9. Qd2 h6 10. O-O b6 11. Ne2 Nf8 12. Nh2 Ne6 13. Rad1 Nd4 14. Ng3 h5 15. c3 h4 16. Nh1 Ne6 17. f4 exf4 18. Bxf4 Nxf4 19. Qxf4 Be6 20. Ng4 Bxa2 21. e5 Rh5 22. Qa4 Bd5 23. c4 Be6 24. Qxc6+ Ke7 25. Qb7+ Kf8 26. d4 Bxc4 27. d5 Bxf1 28. e6 Rf5 29. e7+ Qxe7 30. Qxa8+ Qe8 31. Qxe8+ Kxe8 32. Ne3 Bb5 33. Nxf5 gxf5 34. g3 Bxb2 35. gxh4 c4 36. Nf2 c3 37. Re1+ Kd7 38. Nd1 Bd3 39. Kh2 f4 40. d6 b5 41. h5 b4 42. Re7+ Kxd6 43. Rxa7 c2 0-1